 Dungeon Crawl Stone Soup version 0.18.1-1-g2f07953 (webtiles) character file.

11169 Gingerlord the Fighter (level 11, -5/99 HPs)
             Began as a Minotaur Fighter on May 6, 2016.
             Was a High Priest of Okawaru.
             Slain by a minotaur
             ... wielding a -2 rod of ignition (12/12)
              (23 damage)
             ... in a labyrinth on May 7, 2016.
             The game lasted 00:20:38 (9548 turns).

Gingerlord the Fighter (Minotaur Fighter)           Turns: 9548, Time: 00:20:42

Health: -5/99      AC: 24    Str: 23    XL:     11   Next: 45%
Magic:  23/23      EV: 11    Int:  5    God:    Okawaru [*****.]
Gold:   641        SH: 20    Dex: 12    Spells: 0 memorised, 10 levels left

rFire  . . .     SeeInvis .     a - +0 war axe
rCold  + + .     Gourm    +     C - +2 plate armour {rPois}
rNeg   + + .     Faith    .     J - +0 large shield {rC+}
rPois  +         Spirit   .     (helmet restricted)
rElec  .         Dismiss  .     z - +2 cloak of Listlessness {-Cast rN++ MP+9 Str-2}
rCorr  .         Reflect  .     (no gloves)
SustAt .         Harm     .     c - +0 pair of boots
MR     .....     NoCast   +     B - amulet of the gourmand
Stlth  ..........               e - ring of protection from cold
                                H - +3 ring of strength

@: heroism, not resistant to hostile enchantments, extremely unstealthy
A: retaliatory headbutt, horns 2
a: Heroism, Finesse, Renounce Religion


You were in a labyrinth.
You worshipped Okawaru.
Okawaru was extremely pleased with you.
You were not hungry.

You visited 3 branches of the dungeon, and saw 13 of its levels.
You also visited: Labyrinth.

You collected 641 gold pieces.

Inventory:

Hand Weapons
 a - a +0 war axe (weapon)
Armour
 c - a +0 pair of boots (worn)
 z - the +2 cloak of Listlessness (worn) {-Cast rN++ MP+9 Str-2}
   (You found it on level 6 of the Dungeon)

   It affects your strength (-2).
   It greatly protects you from negative energy.
   It affects your magic capacity (+9).
   It prevents spellcasting.
 C - a +2 plate armour of poison resistance (worn)
 J - a +0 large shield of cold resistance (worn)
Jewellery
 b - an uncursed amulet of guardian spirit
 e - a ring of protection from cold (right hand)
 B - an amulet of the gourmand (around neck)
 G - an uncursed ring of sustain attributes
 H - a +3 ring of strength (left hand)
 I - an uncursed ring of see invisible
Scrolls
 j - a scroll of fear {unknown}
 m - 2 scrolls of enchant armour
 r - a scroll of fog {unknown}
 t - 3 scrolls of remove curse
 u - 3 scrolls of teleportation
 v - a scroll of immolation {unknown}
 y - 3 scrolls of recharging
 A - a scroll of brand weapon {unknown}
 K - a scroll of blinking {unknown}
 N - a scroll of identify
Potions
 k - 2 potions of heal wounds
 l - 4 potions of curing
 n - a potion of resistance {unknown}
 o - a potion of agility {unknown}
 q - a potion of berserk rage {unknown}
 s - 5 potions of haste
 w - 2 potions of lignification
 x - a potion of brilliance {unknown}
 D - a potion of cure mutation {unknown}
 F - 2 potions of mutation {unknown}
 M - a potion of magic {unknown}
 O - a potion of might
 Q - a potion of flight {unknown}
Books
 d - a book of the Tempests

   Spells                             Type                      Level
   a - Static Discharge               Conjuration/Air              3
   b - Lightning Bolt                 Conjuration/Air              5
   c - Fireball                       Conjuration/Fire             5
   d - Tornado                        Air                          9
   e - Shatter                        Earth                        9
Comestibles
 f - 9 bread rations
 g - 5 meat rations
 E - 17 fruits
 L - 4 beef jerkies
 P - 6 slices of pizza


   Skills:
 + Level 10.0(15.0) Fighting
 + Level 9.2(14.2) Axes
 + Level 9.9(14.9) Armour
 + Level 8.5(13.5) Dodging
 + Level 10.0(15.0) Shields
 + Level 6.2 Invocations


You had 10 spell levels left.
You didn't know any spells.

Dungeon Overview and Level Annotations

Branches:
Dungeon (10/15)            Temple (1/1) D:4            Lair (2/8) D:8
    Orc: D:9-12

Altars:
Cheibriados
Elyvilon
Fedhas
Gozag
Kikubaaqudgha
Nemelex Xobeh
Okawaru
Qazlal
Ru
Sif Muna
Vehumet
Xom
Yredelemnul
The Shining One


Innate Abilities, Weirdness & Mutations

You reflexively headbutt those who attack you in melee.
You have a pair of horns on your head.


Message History

The minotaur hits you with a rod of ignition!
* * * LOW HITPOINT WARNING * * *
The minotaur barely misses you. The minotaur closely misses you.
You block the minotaur's attack.
Drink which item? (? for menu, Esc to quit)
You feel much better. You block the minotaur's attack.
The minotaur barely misses you. You block the minotaur's attack.
The minotaur gores you but does no damage.
You hit the minotaur but do no damage.
The minotaur is almost dead.
The minotaur hits you with a rod of ignition!
* * * LOW HITPOINT WARNING * * *
You block the minotaur's attack.
You hit the minotaur.
You headbutt the minotaur, but do no damage.
The minotaur is almost dead.
The minotaur barely misses you.
The minotaur gores you but does no damage.
The minotaur hits you with a rod of ignition!!
You die...

. . #..###### ...
≈≈≈≈≈ ..# ≈<≈ . #
... #### ###.###
#....#.....#
###.#..###'######
#...#...@H........
## #######.###. #
#.. . .# # # #. #
. ## #### #. . .#.
. . . ## . ### . .
##.# # . ...#. ..#
. # # # ## ## #. #
## 8 .#.. . . ....
.


You could see a minotaur.

Vanquished Creatures
  A hydra (Lair:2)
  The ghost of merphle the Fighter, a novice DsAr of Pakellas (D:9)
  The ghost of HunfridMar the Skirmisher, a novice NaFi of Cheibriados (D:8)
  A hill giant (D:10)
  2 black mambas
  A spiny frog (Lair:2)
  Psyche (D:10)
  A troll (D:9)
  A minotaur skeleton (Lab)
  A human (D:10)
  14 yaks
  2 hogs (D:10)
  2 hungry ghosts
  A hippogriff (Lair:1)
  4 water moccasins
  2 porcupines (Lair:1)
  2 orc warriors (D:8)
  3 ice beasts
  A black bear (D:6)
  3 ogres
  2 phantoms
  An eye of draining (D:8)
  4 centaurs
  5 crocodiles
  5 giant frogs
  4 scorpions
  4 wights (D:7)
  A howler monkey (D:9)
  3 crimson imps
  3 giant frog zombies
  2 giant frog skeletons
  2 jellies
  3 orc priests
  4 hounds
  5 orc wizards
  A gnoll shaman (D:7)
  5 worker ants
  3 iguanas
  A sheep (D:10)
  A worker ant zombie (D:10)
  5 gnolls (D:7)
  6 river rats
  16 adders
  A shadow imp (D:10)
  3 oozes
  An adder zombie (D:7)
  3 adder skeletons
  5 worms
  4 dart slugs
  3 giant geckos
  19 orcs
  A ball python (D:3)
  8 giant cockroaches
  12 goblins
  5 hobgoblins
  6 jackals
  6 quokkas
  12 bats
  A giant gecko skeleton (D:5)
  2 giant newts
  10 kobolds
  12 rats
  4 fungi (D:8)
249 creatures vanquished.

Vanquished Creatures (others)
  2 fungi
2 creatures vanquished.

Grand Total: 251 creatures vanquished

Notes
Turn   | Place    | Note
--------------------------------------------------------------
     0 | D:1      | Gingerlord the Minotaur Fighter began the quest for the Orb.
     0 | D:1      | Reached XP level 1. HP: 19/19 MP: 0/0
   148 | D:1      | Reached XP level 2. HP: 19/27 MP: 1/1
   284 | D:1      | Reached skill level 1 in Dodging
   571 | D:2      | Reached XP level 3. HP: 33/33 MP: 2/2
   733 | D:2      | Reached XP level 4. HP: 39/40 MP: 3/3
  1433 | D:3      | Reached XP level 5. HP: 43/47 MP: 4/4
  1483 | D:3      | Found a radiant altar of Vehumet.
  1483 | D:3      | Found a glowing golden altar of the Shining One.
  1488 | D:3      | Found a sacrificial altar of Ru.
  1489 | D:3      | Found a deep blue altar of Sif Muna.
  1491 | D:3      | Found a white marble altar of Elyvilon.
  1655 | D:4      | Found a staircase to the Ecumenical Temple.
  1666 | Temple   | Entered the Ecumenical Temple
  1680 | Temple   | Became a worshipper of Warmaster Okawaru
  2059 | D:4      | Reached skill level 5 in Fighting
  2343 | D:5      | Entered Level 5 of the Dungeon
  2343 | D:5      | Noticed a centaur
  2346 | D:5      | Killed a centaur
  2346 | D:5      | Reached skill level 5 in Shields
  2346 | D:5      | Reached XP level 6. HP: 50/56 MP: 5/5
  2448 | D:5      | You fall through a shaft for 2 floors!
  2479 | D:7      | Reached skill level 5 in Armour
  2479 | D:7      | Reached XP level 7. HP: 9/61 MP: 6/6
  2481 | D:7      | HP: 2/61 [wight/enchanted halberd (8)]
  2517 | D:7      | Reached * piety under Okawaru
  2745 | D:7      | Reached skill level 5 in Axes
  3050 | D:6      | Found a blossoming altar of Fedhas.
  3643 | D:6      | Found a sparkling altar of Nemelex Xobeh.
  3643 | D:6      | Found an opulent altar of Gozag.
  3782 | D:6      | Reached XP level 8. HP: 48/71 MP: 7/7
  3789 | D:6      | Reached skill level 1 in Invocations
  3819 | D:6      | Got a heavily runed cloak
  3825 | D:6      | Identified the +2 cloak of Listlessness {-Cast rN++ MP+9 Str-2} (You found it on level 6 of the Dungeon)
  4163 | D:6      | Reached ** piety under Okawaru
  4481 | D:7      | Reached skill level 5 in Dodging
  4853 | D:8      | Noticed HunfridMar's ghost (novice NaFi)
  4877 | D:8      | Killed HunfridMar's ghost
  4877 | D:8      | Reached *** piety under Okawaru
  4877 | D:8      | Reached XP level 9. HP: 76/79 MP: 10/10
  4909 | D:8      | Received a gift from Okawaru
  5159 | D:8      | Found a staircase to the Lair.
  5466 | D:8      | Found a shimmering altar of Xom.
  5647 | D:8      | Reached **** piety under Okawaru
  6038 | D:9      | Noticed merphle's ghost (novice DsAr)
  6066 | D:9      | Killed merphle's ghost
  6066 | D:9      | Reached XP level 10. HP: 84/90 MP: 12/12
  6140 | D:9      | Reached ***** piety under Okawaru
  6540 | D:10     | Entered Level 10 of the Dungeon
  6666 | D:10     | Noticed Psyche
  6679 | D:10     | Paralysed by Psyche for 4 turns
  6686 | D:10     | Killed Psyche
  6686 | D:10     | Received a gift from Okawaru
  6908 | D:10     | Noticed a hill giant
  6917 | D:10     | Killed a hill giant
  6917 | D:10     | Reached skill level 5 in Invocations
  7823 | Lair:1   | Entered Level 1 of the Lair of Beasts
  7968 | Lair:1   | Noticed a black mamba
  7982 | Lair:1   | Killed a black mamba
  8035 | Lair:1   | Reached XP level 11. HP: 74/97 MP: 14/14
  8900 | Lair:2   | Noticed a four-headed hydra
  8909 | Lair:2   | Killed a nine-headed hydra
  9055 | Lair:2   | Reached skill level 10 in Fighting
  9055 | Lair:2   | Reached skill level 10 in Shields
  9095 | Lair:2   | Found a labyrinth entrance.
  9104 | Lab      | Entered a labyrinth
  9526 | Lab      | Noticed a minotaur
  9548 | Lab      | Identified a -2 rod of ignition (12/12)
  9548 | Lab      | Slain by a minotaur

Skill      XL: |  1  2  3  4  5  6  7  8  9 10 11 |
---------------+----------------------------------+-----
Dodging        | 1 2 3 4 5 6 7 8 |  8.5
Axes           | 3 4 5 6 7 8 9 |  9.2
Armour         | 4 5 7 8 9 |  9.9
Fighting       | 4 5 6 7 8 9 10 | 10.0
Shields        | 4 5 6 7 8 9 10 | 10.0
Invocations    | 3 4 5 6 |  6.2

Action                   |  1- 3 |  4- 6 |  7- 9 | 10-12 || total
-------------------------+-------+-------+-------+-------++-------
Melee: War axe           |    68 |   206 |   418 |   292 ||   984
       Headbutt          |     8 |    33 |    78 |    74 ||   193
Invok: Heroism           |       |       |     2 |     3 ||     5
  Use: Potion            |       |     1 |     4 |     2 ||     7
       Scroll            |       |       |     3 |     8 ||    11
  Eat: Chunk             |       |     5 |     8 |    13 ||    26
       Bread ration      |       |       |     1 |       ||     1
       Beef jerky        |       |       |     2 |       ||     2
       Pizza             |       |       |     1 |     2 ||     3
       Fruit             |       |       |     1 |       ||     1
Armor: Scale mail        |    36 |    15 |       |       ||    51
       Plate armour      |       |    78 |   179 |   164 ||   421
Dodge: Dodged            |    23 |    58 |    83 |    73 ||   237
Block: Shield            |    33 |   107 |   224 |    24 ||   388
       Large shield      |       |       |       |   273 ||   273
